 Dungeon Crawl Stone Soup version 0.29.0-4-gdea44cf6ec (webtiles) character file.

Game seed: 640033642957899243

73283 qw the Wrestler (level 15, -6/147 (149) HPs)
             Began as a Troll Cinder Acolyte on Sept 3, 2022.
             Was an Elder of Okawaru.
             Mangled by a skeletal warrior
             ... wielding a +0 dire flail
              (16 damage)
             ... on level 15 of the Dungeon.
             The game lasted 00:10:37 (18450 turns).

qw the Wrestler (Troll Cinder Acolyte)             Turns: 18450, Time: 00:10:38

HP:   -6/147 (149)  AC: 19    Str: 32    XL:     15   Next: 3%
MP:   16/17         EV:  8    Int: 10    God:    Okawaru [****..]
Gold: 1324          SH: 17    Dex:  5    Spells: 16/16 levels left

rFire   . . .      SeeInvis .     - Unarmed
rCold   . . .      Faith    .   u - +0 tower shield
rNeg    . . .      Spirit   .   j - +0 troll leather armour
rPois   +          Reflect  +   q - +2 hat {Stlth+}
rElec   .          Harm     .   o - +2 cloak
rCorr   .          Rampage  .   (gloves unavailable)
Will    +....                   (boots unavailable)
Stlth   +++.......              i - amulet of reflection
HPRegen 1.94/turn               d - ring of poison resistance
MPRegen 0.15/turn               l - +4 ring of protection

@: heroic, lightly drained, fire susceptible
A: large, unfitting armour, claws 3, regeneration 1, shaggy fur 2, tough skin 1,
iridescent scales 1, wild magic 1
a: Renounce Religion, Heroism, Finesse


You were on level 15 of the Dungeon.
You worshipped Okawaru.
Okawaru was greatly pleased with you.
You visited 2 branches of the dungeon, and saw 20 of its levels.

You collected 1460 gold pieces.
You spent 136 gold pieces at shops.


Innate Abilities, Weirdness & Mutations

You are too large for most types of armour.
You have claws for hands.
Your natural rate of healing is unusually fast.
You are covered in thick fur. (AC +2)
You have tough skin. (AC +1)
You are partially covered in iridescent scales. (AC +2)
Your spells are a little harder to cast, but a little more powerful.


   Skills:
 - Level 10.0(15.0) Fighting
 - Level 7.0(12.0) Throwing
 - Level 3.3(8.3) Armour
 - Level 2.5(7.5) Dodging
 + Level 3.0(8.0) Shields
 - Level 21.5(26.5) Unarmed Combat
 - Level 1.0 Spellcasting
 - Level 2.1 Fire Magic
 + Level 4.3 Invocations


You had 16 spell levels left.
You didn't know any spells.
Your spell library contained the following spells:

 Spells                   Type           Power      Damage    Failure   Level
 Scorch                   Fire           12%        2d6       80%         2

Inventory:

Missiles
 f - 11 boomerangs
 p - 11 large rocks (quivered)
 r - 2 javelins
Armour
 j - a +0 troll leather armour (worn)
 o - a +2 cloak (worn)
 q - a +2 hat of stealth (worn)
 u - a +0 tower shield (worn)
Jewellery
 b - a ring of fire
 d - a ring of poison resistance (left claw)
 e - a +4 ring of slaying {mikee}
 i - an amulet of reflection (around neck)
 l - a +4 ring of protection (right claw)
 Y - a ring of protection from fire
Scrolls
 g - 10 scrolls of identify
Potions
 c - 8 potions of haste
 h - 4 potions of magic
 k - a potion of cancellation
 m - a potion of resistance
 n - 8 potions of curing

Dungeon Overview and Level Annotations

Branches:
Dungeon (15/15)            Temple (0/1) D:5            Lair (5/5) D:10
 Shoals (0/4) Lair:3        Snake (0/4) Lair:3        Slime (0/5) Lair:5
    Orc (0/2) D:10         Vaults (0/5) D:13
 Depths: D:15

Altars:
Ashenzari
Gozag
Makhleb
Okawaru
Sif Muna
Trog
Uskayaw
Vehumet
Xom
Yredelemnul
Zin
Jiyva

Shops:
D:10 :   D:13 ?   D:15 ?


Message History

The skeletal warrior freezes you!
18443 ||| Stepping ~*~*~tactically~*~*~ (outnumbered). 2 skeletal warriors come into view.
The necromancer gestures at you while chanting.
The bolt of negative energy hits the skeletal warrior.
The skeletal warrior completely resists.
The bolt of negative energy hits you!
You feel drained.
The boulder beetle curls into a ball and begins rolling!
You see here 2 javelins.
You mangle the skeletal warrior!!
The skeletal warrior is moderately damaged.
A skeletal warrior comes into view. It is wielding a +0 glaive.
A vampire mage comes into view.
You block the skeletal warrior's attack.
You claw the skeletal warrior!
The skeletal warrior is heavily damaged.
You block the skeletal warrior's attack. x2
The vampire mage gestures wildly while chanting.
The vampire mage flickers and vanishes!
Deactivating autopickup; reactivate with Ctrl-A.
You eviscerate the skeletal warrior!!!
You destroy the skeletal warrior!
Okawaru accepts your kill.
Your base Shields skill increases to level 3!
You block the skeletal warrior's attack.
You see here a shapeshifter corpse.
You completely miss the skeletal warrior.
You block the skeletal warrior's attack.
The skeletal warrior hits you but does no damage.
You scratch the skeletal warrior.
The skeletal warrior is lightly damaged.
You block the skeletal warrior's attack.
The skeletal warrior barely misses you.
You closely miss the skeletal warrior.
The skeletal warrior is lightly damaged.
The boulder beetle stops rolling and uncurls.
The skeletal warrior hits you from afar with a +0 halberd of freezing!
The skeletal warrior freezes you!
The skeletal warrior hits you with a +0 dire flail!
You die...

########.........
.....!....(######
#########.....##
########.(.)..#
.......Cz.....##
...#####zB0.....
#z#0..###
########(#####
...!zzz@.#
##########


You could see a boulder beetle and 6 skeletal warriors.

Vanquished Creatures
  Gastronok (D:12)
  An ironbound preserver (D:13)
  Nessos (D:12)
  12 hydras
  A rakshasa (D:15)
  Erolcha (D:9)
  4 boulder beetles
  A catoblepas (Lair:4)
  3 centaur warriors
  4 two-headed ogres
  A tengu warrior (D:14)
  Amaemon (D:9)
  2 goliath frogs (Lair:5)
  3 skeletal warriors (D:15)
  10 ugly things
  4 cyclopes
  3 manticores
  3 slime creatures
  Maurice (D:8)
  4 black mambas
  13 elephants
  Joseph (D:9)
  A merfolk siren (Lair:3)
  An orange demon (D:9)
  2 unseen horrors
  A gargoyle (D:10)
  3 kobold demonologists
  12 cane toads
  4 komodo dragons
  An efreet (D:14)
  2 rime drakes (Lair:5)
  3 polar bears
  7 trolls
  3 tyrant leeches (Lair:5)
  A hornet (D:9)
  A meliai (shapeshifter) (D:15)
  9 blink frogs (Lair:5)
  A centaur simulacrum (D:14)
  A vampire (D:13)
  A water elemental (D:12)
  85 yaks
  2 basilisks
  4 fire elementals (D:13)
  4 wyverns
  2 wraiths
  Grum (D:9)
  11 vampire mosquitoes
  A steam dragon (D:9)
  2 acid dragons
  2 nagas (Lair:3)
  17 water moccasins
  5 orc warriors
  A sky beast (D:7)
  A black bear (D:8)
  An ogre (D:5)
  6 centaurs
  38 wolves
  2 phantoms
  A kobold brigand (D:12)
  23 bullfrogs
  5 scorpions
  5 wights (D:9)
  2 hornet simulacra
  5 killer bees (D:10)
  3 howler monkeys
  An electric eel (Lair:3)
  2 lava snakes (D:13)
  5 jellies
  3 orc priests
  3 gnoll boudas
  2 hounds
  6 iguanas
  10 orc wizards
  4 hell rats (Lair:5)
  17 gnolls
  8 adders
  2 white imps
  2 ufetubi (D:5)
  A worm (D:4)
  A dart slug (D:4)
  22 orcs
  4 bats
  7 endoplasms
  3 giant cockroaches
  11 goblins
  A hobgoblin (D:3)
  7 jackals
  14 kobolds
  5 quokkas
  7 ball pythons
  7 frilled lizards
  5 rats
  A fire vortex (D:13)
519 creatures vanquished.

Vanquished Creatures (others)
  A blink frog (Lair:5)
  2 orc wizards (D:8)
  24 fungi
  85 plants
112 creatures vanquished.

Grand Total: 631 creatures vanquished

Notes
Turn   | Place    | Note
-------+----------+-------------------------------------------
     0 | D:1      | qw the Troll Cinder Acolyte began the quest for the Orb.
     0 | D:1      | Reached XP level 1. HP: 22/22 MP: 1/1
     0 | D:1      | 0 ||| qw: Version: 0.1-a-102-g441f92d
     0 | D:1      | 0 ||| qw: Game counter: 5068
     0 | D:1      | 0 ||| qw: Always use a shield: true
     0 | D:1      | 0 ||| qw: God list: Okawaru
     0 | D:1      | 0 ||| qw: Allow faded altars: false
     0 | D:1      | 0 ||| qw: Do Orc after D:15 true
     0 | D:1      | 0 ||| qw: Do second Lair branch before Depths: true
     0 | D:1      | 0 ||| qw: Lair rune preference: random
     0 | D:1      | 0 ||| qw: Plans: Normal
     0 | D:1      | 0 ||| PLANNING D:1-11
    54 | D:1      | 54 ||| Stepping ~*~*~tactically~*~*~ (stealth).
    56 | D:1      | 56 ||| Stepping ~*~*~tactically~*~*~ (stealth).
   185 | D:1      | 185 ||| Stepping ~*~*~tactically~*~*~ (stealth).
   187 | D:1      | Reached XP level 2. HP: 29/29 MP: 2/2
   223 | D:1      | 223 ||| Stepping ~*~*~tactically~*~*~ (stealth).
   273 | D:1      | 273 ||| Stepping ~*~*~tactically~*~*~ (stealth).
   276 | D:1      | 276 ||| Stepping ~*~*~tactically~*~*~ (stealth).
   277 | D:1      | 277 ||| Stepping ~*~*~tactically~*~*~ (stealth).
   510 | D:1      | 510 ||| Stepping ~*~*~tactically~*~*~ (outnumbered).
   512 | D:1      | 512 ||| Stepping ~*~*~tactically~*~*~ (outnumbered).
   513 | D:1      | 513 ||| Stepping ~*~*~tactically~*~*~ (outnumbered).
   515 | D:1      | 515 ||| Stepping ~*~*~tactically~*~*~ (outnumbered).
   518 | D:1      | 518 ||| INVOKING Fiery Armour.
   521 | D:1      | Reached skill level 4 in Unarmed Combat
   841 | D:1      | 841 ||| Stepping ~*~*~tactically~*~*~ (stealth).
   855 | D:1      | 855 ||| Stepping ~*~*~tactically~*~*~ (stealth).
   881 | D:1      | 881 ||| UPGRADING to amulet of guardian spirit.
   886 | D:1      | 886 ||| READING scroll labelled QELIEKUMPE.
   887 | D:1      | 887 ||| READING scroll labelled ITECYM IRUBBO.
   992 | D:2      | Reached XP level 3. HP: 36/36 MP: 3/3
  1341 | D:2      | Found a faded altar of an unknown god.
  1589 | D:2      | 1589 ||| INVOKING Fiery Armour.
  1594 | D:2      | Reached skill level 5 in Unarmed Combat
  1594 | D:2      | Reached XP level 4. HP: 40/44 MP: 4/4
  2004 | D:2      | 2004 ||| UPGRADING to amulet of reflection.
  2014 | D:2      | 2014 ||| DROPPING amulet of guardian spirit.
  2015 | D:2      | 2015 ||| UPGRADING to +4 ring of protection.
  2016 | D:2      | 2016 ||| READING scroll labelled HUENUA HOLEN.
  2017 | D:2      | 2017 ||| READING 2 scrolls labelled BEHUASHR NAZXAU.
  2021 | D:2      | 2021 ||| DRINKING 4 black potions.
  2022 | D:2      | 2022 ||| READING 2 scrolls of identify.
  2022 | D:2      | 2022 ||| IDENTIFYING smoky yellow potion
  2023 | D:2      | 2023 ||| DROPPING potion of brilliance.
  2048 | D:3      | 2048 ||| STAIRDANCE
  2108 | D:3      | Found a burning altar of Makhleb.
  2108 | D:3      | Found a radiant altar of Vehumet.
  2108 | D:3      | Found a bloodstained altar of Trog.
  2108 | D:3      | Found a shimmering blue altar of Sif Muna.
  2592 | D:3      | Found an opulent altar of Gozag.
  2595 | D:3      | Found a shimmering altar of Xom.
  2599 | D:3      | Found a glowing silver altar of Zin.
  2653 | D:3      | 2653 ||| READING scroll labelled PEARAK XEWEOGH.
  2654 | D:3      | 2654 ||| DRINKING 2 coppery potions.
  2655 | D:3      | 2655 ||| READING 4 scrolls of identify.
  2655 | D:3      | 2655 ||| IDENTIFYING brown potion
  2656 | D:3      | 2656 ||| READING 3 scrolls of identify.
  2656 | D:3      | 2656 ||| IDENTIFYING gluggy clear potion
  2657 | D:3      | 2657 ||| DROPPING potion of attraction.
  2658 | D:3      | 2658 ||| DROPPING potion of magic.
  2766 | D:4      | 2766 ||| Stepping ~*~*~tactically~*~*~ (hiding).
  2774 | D:4      | Reached skill level 1 in Throwing
  2777 | D:4      | 2777 ||| Stepping ~*~*~tactically~*~*~ (outnumbered).
  2779 | D:4      | 2779 ||| Stepping ~*~*~tactically~*~*~ (outnumbered).
  2780 | D:4      | 2780 ||| Stepping ~*~*~tactically~*~*~ (outnumbered).
  2781 | D:4      | 2781 ||| Stepping ~*~*~tactically~*~*~ (outnumbered).
  2782 | D:4      | 2782 ||| Stepping ~*~*~tactically~*~*~ (outnumbered).
  2794 | D:4      | Reached XP level 5. HP: 45/50 MP: 5/5
  2833 | D:4      | Reached skill level 6 in Unarmed Combat
  2951 | D:4      | 2951 ||| Stepping ~*~*~tactically~*~*~ (stealth).
  2953 | D:4      | 2953 ||| Stepping ~*~*~tactically~*~*~ (stealth).
  2954 | D:4      | 2954 ||| Stepping ~*~*~tactically~*~*~ (stealth).
  2955 | D:4      | 2955 ||| Stepping ~*~*~tactically~*~*~ (stealth).
  2956 | D:4      | 2956 ||| Stepping ~*~*~tactically~*~*~ (stealth).
  2957 | D:4      | 2957 ||| Stepping ~*~*~tactically~*~*~ (stealth).
  2965 | D:4      | 2965 ||| Stepping ~*~*~tactically~*~*~ (outnumbered).
  3018 | D:4      | 3018 ||| Stepping ~*~*~tactically~*~*~ (stealth).
  3296 | D:4      | 3296 ||| Stepping ~*~*~tactically~*~*~ (stealth).
  3320 | D:4      | 3320 ||| Stepping ~*~*~tactically~*~*~ (stealth).
  3323 | D:4      | Reached XP level 6. HP: 59/59 MP: 6/6
  3342 | D:4      | 3342 ||| Stepping ~*~*~tactically~*~*~ (hiding).
  3348 | D:4      | 3348 ||| INVOKING Fiery Armour.
  3354 | D:4      | 3354 ||| FLEEEEING.
  3355 | D:4      | 3355 ||| FLEEEEING.
  3356 | D:4      | 3356 ||| FLEEEEING.
  3370 | D:4      | 3370 ||| READING scroll labelled PYOXUX TYNYUNOU.
  3471 | D:4      | 3471 ||| READING scroll labelled ODOAPRU JOPOL.
  3472 | D:4      | 3472 ||| READING 2 scrolls of identify.
  3472 | D:4      | 3472 ||| IDENTIFYING yellow potion
  3480 | D:5      | Entered Level 5 of the Dungeon
  3588 | D:5      | Reached skill level 7 in Unarmed Combat
  3701 | D:5      | Reached XP level 7. HP: 66/66 MP: 7/7
  3726 | D:5      | Found a staircase to the Ecumenical Temple.
  3757 | D:5      | 3757 ||| INVOKING Fiery Armour.
  3764 | D:5      | 3764 ||| DRINKING potion of curing.
  3764 | D:5      | 3764 ||| (to cure confusion)
  3768 | D:5      | Reached skill level 8 in Unarmed Combat
  3821 | D:5      | Reached skill level 3 in Fighting
  3988 | D:5      | 3988 ||| Stepping ~*~*~tactically~*~*~ (stealth).
  3990 | D:5      | 3990 ||| Stepping ~*~*~tactically~*~*~ (hiding).
  4388 | D:5      | 4388 ||| READING scroll labelled EKLUNNONGE.
  4389 | D:5      | 4389 ||| DRINKING 2 fuming clear potions.
  4389 | D:5      | Gained mutation: Your body sometimes deteriorates upon
                  | taking damage. [potion of mutation]
  4389 | D:5      | Gained mutation: You are frail. (-10% HP) [potion of
                  | mutation]
  4389 | D:5      | Gained mutation: You are covered in thick fur. (AC +2)
                  | [potion of mutation]
  4389 | D:5      | Gained mutation: You are resistant to electric shocks.
                  | (rElec) [potion of mutation]
  4390 | D:5      | 4390 ||| DRINKING potion of mutation.
  4390 | D:5      | Lost mutation: Your body sometimes deteriorates upon taking
                  | damage. [potion of mutation]
  4390 | D:5      | Lost mutation: You are frail. (-10% HP) [potion of
                  | mutation]
  4390 | D:5      | Lost mutation: You are resistant to electric shocks.
                  | (rElec) [potion of mutation]
  4390 | D:5      | Gained mutation: Your spells are a little harder to cast,
                  | but a little more powerful. [potion of mutation]
  4390 | D:5      | Gained mutation: You are partially covered in iridescent
                  | scales. (AC +2) [potion of mutation]
  4538 | D:6      | Found a hide-covered altar of Uskayaw.
  4559 | D:6      | 4559 ||| Stepping ~*~*~tactically~*~*~ (stealth).
  4560 | D:6      | 4560 ||| Stepping ~*~*~tactically~*~*~ (stealth).
  4646 | D:6      | Noticed a kobold demonologist
  4647 | D:6      | 4647 ||| Stepping ~*~*~tactically~*~*~ (stealth).
  4649 | D:6      | Noticed a soul eater
  4658 | D:6      | Noticed a ynoxinul
  4661 | D:6      | Killed a kobold demonologist
  4662 | D:6      | Reached skill level 9 in Unarmed Combat
  4662 | D:6      | Reached XP level 8. HP: 73/75 MP: 8/8
  4672 | D:6      | Reached skill level 1 in Dodging
  4853 | D:6      | Reached skill level 10 in Unarmed Combat
  5098 | D:6      | 5098 ||| Stepping ~*~*~tactically~*~*~ (stealth).
  5099 | D:6      | 5099 ||| Stepping ~*~*~tactically~*~*~ (stealth).
  5100 | D:6      | 5100 ||| Stepping ~*~*~tactically~*~*~ (stealth).
  5101 | D:6      | 5101 ||| Stepping ~*~*~tactically~*~*~ (stealth).
  5102 | D:6      | 5102 ||| Stepping ~*~*~tactically~*~*~ (stealth).
  5310 | D:6      | 5310 ||| DROPPING orb of wrath.
  5311 | D:6      | 5311 ||| UPGRADING to ring of protection from fire.
  5312 | D:6      | 5312 ||| READING scroll labelled FEOSTU NIOTOQO.
  5313 | D:6      | 5313 ||| READING 2 scrolls of identify.
  5313 | D:6      | 5313 ||| IDENTIFYING fizzy yellow potion
  5314 | D:6      | 5314 ||| DROPPING potion of berserk rage.
  5315 | D:6      | 5315 ||| READING 2 scrolls of teleportation.
  5376 | D:7      | 5376 ||| Stepping ~*~*~tactically~*~*~ (outnumbered).
  5377 | D:7      | 5377 ||| Stepping ~*~*~tactically~*~*~ (outnumbered).
  5387 | D:7      | 5387 ||| FLEEEEING.
  5388 | D:7      | 5388 ||| FLEEEEING.
  5389 | D:7      | 5389 ||| FLEEEEING.
  5392 | D:7      | 5392 ||| Stepping ~*~*~tactically~*~*~ (outnumbered).
  5393 | D:7      | 5393 ||| Stepping ~*~*~tactically~*~*~ (outnumbered).
  5395 | D:7      | 5395 ||| Stepping ~*~*~tactically~*~*~ (outnumbered).
  5397 | D:7      | 5397 ||| Stepping ~*~*~tactically~*~*~ (outnumbered).
  5399 | D:7      | 5399 ||| Stepping ~*~*~tactically~*~*~ (outnumbered).
  5400 | D:7      | 5400 ||| Stepping ~*~*~tactically~*~*~ (outnumbered).
  5401 | D:7      | 5401 ||| Stepping ~*~*~tactically~*~*~ (outnumbered).
  5404 | D:7      | 5404 ||| Stepping ~*~*~tactically~*~*~ (outnumbered).
  5405 | D:7      | 5405 ||| STAIRDANCE
  5411 | D:6      | Reached skill level 11 in Unarmed Combat
  5411 | D:6      | Reached XP level 9. HP: 75/84 MP: 9/9
  5431 | D:7      | 5431 ||| STAIRDANCE
  5484 | D:7      | Noticed a two-headed ogre
  5494 | D:7      | Killed a two-headed ogre
  5495 | D:7      | Reached skill level 12 in Unarmed Combat
  5547 | D:7      | 5547 ||| Stepping ~*~*~tactically~*~*~ (hiding).
  5552 | D:7      | 5552 ||| INVOKING Fiery Armour.
  5621 | D:7      | 5621 ||| Stepping ~*~*~tactically~*~*~ (stealth).
  5631 | D:7      | Reached skill level 3 in Throwing
  5784 | D:7      | Found a flagged portal.
  5808 | D:7      | 5808 ||| Stepping ~*~*~tactically~*~*~ (outnumbered).
  5809 | D:7      | 5809 ||| Stepping ~*~*~tactically~*~*~ (outnumbered).
  5880 | D:7      | 5880 ||| Stepping ~*~*~tactically~*~*~ (stealth).
  5881 | D:7      | 5881 ||| Stepping ~*~*~tactically~*~*~ (stealth).
  5883 | D:7      | 5883 ||| Stepping ~*~*~tactically~*~*~ (hiding).
  5885 | D:7      | 5885 ||| INVOKING Fiery Armour.
  5891 | D:7      | 5891 ||| Stepping ~*~*~tactically~*~*~ (outnumbered).
  5892 | D:7      | 5892 ||| Stepping ~*~*~tactically~*~*~ (outnumbered).
  5893 | D:7      | 5893 ||| Stepping ~*~*~tactically~*~*~ (outnumbered).
  6009 | D:7      | Found a broken altar of Ashenzari.
  6079 | D:7      | 6079 ||| READING scroll labelled QOEDAZ JOOFUUV.
  6080 | D:7      | 6080 ||| READING scroll labelled BALALU BUWK.
  6084 | D:8      | Noticed Maurice
  6106 | D:8      | Killed Maurice
  6211 | D:8      | 6211 ||| Stepping ~*~*~tactically~*~*~ (hiding).
  6213 | D:8      | 6213 ||| Stepping ~*~*~tactically~*~*~ (hiding).
  6218 | D:8      | 6218 ||| DRINKING potion of curing.
  6218 | D:8      | 6218 ||| (to cure confusion)
  6229 | D:8      | 6229 ||| Stepping ~*~*~tactically~*~*~ (hiding).
  6231 | D:8      | 6231 ||| Stepping ~*~*~tactically~*~*~ (hiding).
  6377 | D:8      | 6377 ||| Stepping ~*~*~tactically~*~*~ (stealth).
  6379 | D:8      | 6379 ||| Stepping ~*~*~tactically~*~*~ (hiding).
  6385 | D:8      | 6385 ||| Stepping ~*~*~tactically~*~*~ (stealth).
  6417 | D:8      | 6417 ||| FLEEEEING.
  6418 | D:8      | 6418 ||| FLEEEEING.
  6464 | D:8      | 6464 ||| Stepping ~*~*~tactically~*~*~ (stealth).
  6480 | D:8      | Reached skill level 13 in Unarmed Combat
  6480 | D:8      | Reached XP level 10. HP: 77/96 MP: 10/10
  6567 | D:8      | 6567 ||| INVOKING Fiery Armour.
  6577 | D:8      | Found an iron altar of Okawaru.
  6660 | D:8      | 6660 ||| Stepping ~*~*~tactically~*~*~ (stealth).
  6661 | D:8      | 6661 ||| Stepping ~*~*~tactically~*~*~ (stealth).
  6717 | D:8      | 6717 ||| Stepping ~*~*~tactically~*~*~ (stealth).
  6786 | D:8      | 6786 ||| Stepping ~*~*~tactically~*~*~ (stealth).
  6787 | D:8      | 6787 ||| Stepping ~*~*~tactically~*~*~ (stealth).
  6788 | D:8      | 6788 ||| Stepping ~*~*~tactically~*~*~ (stealth).
  6793 | D:8      | 6793 ||| Stepping ~*~*~tactically~*~*~ (stealth).
  6798 | D:8      | 6798 ||| Stepping ~*~*~tactically~*~*~ (outnumbered).
  6799 | D:8      | 6799 ||| Stepping ~*~*~tactically~*~*~ (outnumbered).
  6800 | D:8      | 6800 ||| INVOKING Fiery Armour.
  6801 | D:8      | 6801 ||| Stepping ~*~*~tactically~*~*~ (outnumbered).
  6802 | D:8      | 6802 ||| Stepping ~*~*~tactically~*~*~ (stealth).
  6805 | D:8      | 6805 ||| Stepping ~*~*~tactically~*~*~ (stealth).
  6810 | D:8      | 6810 ||| Stepping ~*~*~tactically~*~*~ (outnumbered).
  6811 | D:8      | 6811 ||| Stepping ~*~*~tactically~*~*~ (outnumbered).
  6812 | D:8      | 6812 ||| Stepping ~*~*~tactically~*~*~ (outnumbered).
  6813 | D:8      | 6813 ||| Stepping ~*~*~tactically~*~*~ (stealth).
  6814 | D:8      | 6814 ||| Stepping ~*~*~tactically~*~*~ (outnumbered).
  6815 | D:8      | 6815 ||| Stepping ~*~*~tactically~*~*~ (outnumbered).
  6816 | D:8      | 6816 ||| Stepping ~*~*~tactically~*~*~ (outnumbered).
  6817 | D:8      | 6817 ||| Stepping ~*~*~tactically~*~*~ (outnumbered).
  6818 | D:8      | 6818 ||| Stepping ~*~*~tactically~*~*~ (outnumbered).
  6828 | D:8      | Reached skill level 14 in Unarmed Combat
  6970 | D:8      | Reached skill level 6 in Fighting
  7003 | D:8      | 7003 ||| UPGRADING to +0 cloak.
  7008 | D:8      | 7008 ||| READING scroll labelled COICEX XIUSTRIE.
  7027 | D:9      | 7027 ||| Stepping ~*~*~tactically~*~*~ (stealth).
  7030 | D:9      | 7030 ||| INVOKING Fiery Armour.
  7033 | D:9      | Reached skill level 1 in Armour
  7034 | D:9      | 7034 ||| Stepping ~*~*~tactically~*~*~ (outnumbered).
  7043 | D:9      | 7043 ||| FLEEEEING.
  7044 | D:9      | 7044 ||| FLEEEEING.
  7045 | D:9      | 7045 ||| STAIRDANCE
  7060 | D:9      | 7060 ||| STAIRDANCE
  7066 | D:9      | 7066 ||| STAIRDANCE
  7094 | D:9      | 7094 ||| Stepping ~*~*~tactically~*~*~ (stealth).
  7097 | D:9      | 7097 ||| Stepping ~*~*~tactically~*~*~ (hiding).
  7099 | D:9      | Noticed Joseph
  7101 | D:9      | 7101 ||| Stepping ~*~*~tactically~*~*~ (hiding).
  7107 | D:9      | 7107 ||| Stepping ~*~*~tactically~*~*~ (outnumbered).
  7117 | D:9      | Killed Joseph
  7123 | D:9      | 7123 ||| FLEEEEING.
  7124 | D:9      | 7124 ||| FLEEEEING.
  7179 | D:9      | 7179 ||| Stepping ~*~*~tactically~*~*~ (stealth).
  7204 | D:9      | 7204 ||| INVOKING Fiery Armour.
  7216 | D:9      | Reached skill level 15 in Unarmed Combat
  7216 | D:9      | Reached XP level 11. HP: 105/105 MP: 11/11
  7293 | D:9      | Noticed Erolcha
  7294 | D:9      | 7294 ||| Stepping ~*~*~tactically~*~*~ (hiding).
  7305 | D:9      | Noticed Grum
  7307 | D:9      | Killed Erolcha
  7310 | D:9      | 7310 ||| Stepping ~*~*~tactically~*~*~ (stealth).
  7312 | D:9      | 7312 ||| INVOKING Fiery Armour.
  7317 | D:9      | Killed Grum
  7483 | D:9      | 7483 ||| Stepping ~*~*~tactically~*~*~ (stealth).
  7588 | D:9      | 7588 ||| Stepping ~*~*~tactically~*~*~ (outnumbered).
  7593 | D:9      | Reached skill level 16 in Unarmed Combat
  7614 | D:9      | You fall into a shaft and drop 2 floors!
  7662 | D:11     | Noticed a seven-headed hydra
  7663 | D:11     | 7663 ||| INVOKING Fiery Armour.
  7666 | D:11     | Killed an eight-headed hydra
  7666 | D:11     | Noticed a purple ugly thing
  7669 | D:11     | Noticed a boulder beetle
  7676 | D:11     | Killed a purple ugly thing
  7679 | D:11     | Noticed a six-headed hydra
  7688 | D:11     | Killed an eight-headed hydra
  7689 | D:11     | Noticed a two-headed ogre
  7695 | D:11     | Killed a boulder beetle
  7699 | D:11     | Killed a two-headed ogre
  7780 | D:11     | 7780 ||| PLANNING CONVERSION TO OKAWARU
  7780 | D:11     | 7780 ||| READING scroll labelled SAX LOAHUCKO.
  7781 | D:11     | 7781 ||| READING 5 scrolls of identify.
  7781 | D:11     | 7781 ||| IDENTIFYING red potion
  7782 | D:11     | 7782 ||| READING 4 scrolls of identify.
  7782 | D:11     | 7782 ||| IDENTIFYING fuming red potion
  7783 | D:11     | 7783 ||| DROPPING potion of lignification.
  7792 | D:10     | Entered Level 10 of the Dungeon
  7799 | D:10     | 7799 ||| Stepping ~*~*~tactically~*~*~ (outnumbered).
  7807 | D:10     | 7807 ||| Stepping ~*~*~tactically~*~*~ (outnumbered).
  7868 | D:10     | Found a staircase to the Lair.
  7915 | D:10     | Identified the +10 war axe "Beetleslayer" {drain, rC+}
  7931 | D:10     | Found Zauciv's Book Boutique.
  7961 | D:9      | 7961 ||| PLANNING D:1-11
  7964 | D:9      | 7964 ||| Stepping ~*~*~tactically~*~*~ (stealth).
  7965 | D:9      | 7965 ||| Stepping ~*~*~tactically~*~*~ (stealth).
  7970 | D:9      | Reached skill level 17 in Unarmed Combat
  7970 | D:9      | Reached XP level 12. HP: 117/118 MP: 12/12
  8017 | D:7      | 8017 ||| UPGRADING to +0 troll leather armour.
  8027 | D:7      | 8027 ||| PLANNING LAIR
  8027 | D:7      | 8027 ||| DROPPING +0 robe.
  8091 | Lair:1   | Entered Level 1 of the Lair of Beasts
  8093 | Lair:1   | 8093 ||| Stepping ~*~*~tactically~*~*~ (stealth).
  8186 | Lair:1   | 8186 ||| Stepping ~*~*~tactically~*~*~ (stealth).
  8373 | Lair:1   | Noticed a six-headed hydra
  8381 | Lair:1   | Killed an 11-headed hydra
  8385 | Lair:1   | 8385 ||| Stepping ~*~*~tactically~*~*~ (stealth).
  8453 | Lair:1   | Identified the +0 chain mail of the Dice {+Inv}
  8487 | Lair:1   | 8487 ||| Stepping ~*~*~tactically~*~*~ (stealth).
  8495 | Lair:1   | 8495 ||| Stepping ~*~*~tactically~*~*~ (hiding).
  8500 | Lair:1   | 8500 ||| Stepping ~*~*~tactically~*~*~ (hiding).
  8501 | Lair:1   | 8501 ||| Stepping ~*~*~tactically~*~*~ (outnumbered).
  8502 | Lair:1   | 8502 ||| Stepping ~*~*~tactically~*~*~ (hiding).
  8504 | Lair:1   | 8504 ||| Stepping ~*~*~tactically~*~*~ (outnumbered).
  8507 | Lair:1   | Reached skill level 18 in Unarmed Combat
  8865 | Lair:1   | 8865 ||| DROPPING amulet of the acrobat.
  8866 | Lair:1   | 8866 ||| READING 3 scrolls of identify.
  8866 | Lair:1   | 8866 ||| IDENTIFYING purple potion
  8902 | Lair:2   | 8902 ||| Stepping ~*~*~tactically~*~*~ (outnumbered).
  8903 | Lair:2   | 8903 ||| Stepping ~*~*~tactically~*~*~ (outnumbered).
  8904 | Lair:2   | 8904 ||| STAIRDANCE
  8906 | Lair:1   | 8906 ||| Stepping ~*~*~tactically~*~*~ (outnumbered).
  8907 | Lair:1   | 8907 ||| Stepping ~*~*~tactically~*~*~ (outnumbered).
  8908 | Lair:1   | 8908 ||| Stepping ~*~*~tactically~*~*~ (outnumbered).
  8909 | Lair:1   | 8909 ||| Stepping ~*~*~tactically~*~*~ (outnumbered).
  8910 | Lair:1   | 8910 ||| Stepping ~*~*~tactically~*~*~ (outnumbered).
  8911 | Lair:1   | 8911 ||| Stepping ~*~*~tactically~*~*~ (outnumbered).
  9144 | Lair:2   | 9144 ||| Stepping ~*~*~tactically~*~*~ (outnumbered).
  9145 | Lair:2   | 9145 ||| Stepping ~*~*~tactically~*~*~ (outnumbered).
  9146 | Lair:2   | 9146 ||| Stepping ~*~*~tactically~*~*~ (outnumbered).
  9147 | Lair:2   | 9147 ||| Stepping ~*~*~tactically~*~*~ (outnumbered).
  9148 | Lair:2   | 9148 ||| Stepping ~*~*~tactically~*~*~ (outnumbered).
  9149 | Lair:2   | 9149 ||| Stepping ~*~*~tactically~*~*~ (outnumbered).
  9150 | Lair:2   | 9150 ||| Stepping ~*~*~tactically~*~*~ (outnumbered).
  9151 | Lair:2   | 9151 ||| Stepping ~*~*~tactically~*~*~ (outnumbered).
  9152 | Lair:2   | 9152 ||| Stepping ~*~*~tactically~*~*~ (outnumbered).
  9153 | Lair:2   | 9153 ||| Stepping ~*~*~tactically~*~*~ (outnumbered).
  9195 | Lair:2   | 9195 ||| Stepping ~*~*~tactically~*~*~ (outnumbered).
  9196 | Lair:2   | 9196 ||| Stepping ~*~*~tactically~*~*~ (outnumbered).
  9197 | Lair:2   | 9197 ||| Stepping ~*~*~tactically~*~*~ (outnumbered).
  9205 | Lair:2   | 9205 ||| FLEEEEING.
  9206 | Lair:2   | 9206 ||| FLEEEEING.
  9207 | Lair:2   | 9207 ||| FLEEEEING.
  9208 | Lair:2   | 9208 ||| FLEEEEING.
  9209 | Lair:2   | 9209 ||| FLEEEEING.
  9210 | Lair:2   | 9210 ||| FLEEEEING.
  9656 | Lair:3   | Found a staircase to the Shoals.
  9657 | Lair:3   | 9657 ||| Stepping ~*~*~tactically~*~*~ (hiding).
  9695 | Lair:3   | 9695 ||| Stepping ~*~*~tactically~*~*~ (stealth).
  9751 | Lair:3   | 9751 ||| Stepping ~*~*~tactically~*~*~ (stealth).
  9775 | Lair:3   | Found a staircase to the Snake Pit.
  9789 | Lair:3   | Reached skill level 19 in Unarmed Combat
  9850 | Lair:3   | Noticed a seven-headed hydra
  9858 | Lair:3   | Killed an 11-headed hydra
  9859 | Lair:3   | Reached XP level 13. HP: 99/128 MP: 13/13
  9964 | Lair:3   | Identified the +8 mace of Valour {flame, rF+ Str+3}
 10075 | Lair:3   | Reached skill level 9 in Fighting
 10116 | Lair:3   | 10116 ||| Stepping ~*~*~tactically~*~*~ (stealth).
 10136 | Lair:3   | 10136 ||| Stepping ~*~*~tactically~*~*~ (stealth).
 10137 | Lair:3   | 10137 ||| Stepping ~*~*~tactically~*~*~ (stealth).
 10156 | Lair:3   | 10156 ||| Stepping ~*~*~tactically~*~*~ (stealth).
 10190 | Lair:3   | 10190 ||| Stepping ~*~*~tactically~*~*~ (stealth).
 10192 | Lair:3   | 10192 ||| Stepping ~*~*~tactically~*~*~ (stealth).
 10194 | Lair:3   | 10194 ||| Stepping ~*~*~tactically~*~*~ (stealth).
 10197 | Lair:3   | 10197 ||| Stepping ~*~*~tactically~*~*~ (outnumbered).
 10198 | Lair:3   | 10198 ||| Stepping ~*~*~tactically~*~*~ (outnumbered).
 10199 | Lair:3   | 10199 ||| Stepping ~*~*~tactically~*~*~ (outnumbered).
 10200 | Lair:3   | 10200 ||| Stepping ~*~*~tactically~*~*~ (outnumbered).
 10203 | Lair:3   | 10203 ||| Stepping ~*~*~tactically~*~*~ (outnumbered).
 10207 | Lair:3   | 10207 ||| Stepping ~*~*~tactically~*~*~ (outnumbered).
 10214 | Lair:3   | 10214 ||| Stepping ~*~*~tactically~*~*~ (outnumbered).
 10217 | Lair:3   | 10217 ||| Stepping ~*~*~tactically~*~*~ (outnumbered).
 10720 | Lair:4   | 10720 ||| Stepping ~*~*~tactically~*~*~ (stealth).
 10721 | Lair:4   | 10721 ||| Stepping ~*~*~tactically~*~*~ (stealth).
 11404 | Lair:4   | 11404 ||| READING 5 scrolls of identify.
 11404 | Lair:4   | 11404 ||| IDENTIFYING smoky pink potion
 11405 | Lair:4   | 11405 ||| READING 4 scrolls of identify.
 11405 | Lair:4   | 11405 ||| IDENTIFYING viscous red potion
 11406 | Lair:4   | 11406 ||| DROPPING potion of degeneration.
 11407 | Lair:4   | 11407 ||| DROPPING potion of invisibility.
 11426 | Lair:5   | Entered Level 5 of the Lair of Beasts
 11435 | Lair:5   | 11435 ||| STAIRDANCE
 11476 | Lair:5   | 11476 ||| Stepping ~*~*~tactically~*~*~ (outnumbered).
 11480 | Lair:5   | 11480 ||| Stepping ~*~*~tactically~*~*~ (outnumbered).
 11481 | Lair:5   | 11481 ||| Stepping ~*~*~tactically~*~*~ (outnumbered).
 11481 | Lair:5   | HP: 31/131 [eight-headed hydra (7)]
 11482 | Lair:5   | 11482 ||| READING 2 scrolls of teleportation.
 11482 | Lair:5   | HP: 12/131 [eight-headed hydra (8)]
 11483 | Lair:5   | 11483 ||| DRINKING potion of heal wounds.
 11484 | Lair:5   | 11484 ||| Stepping ~*~*~tactically~*~*~ (outnumbered).
 11485 | Lair:5   | 11485 ||| READING scroll of teleportation.
 11525 | Lair:5   | 11525 ||| Stepping ~*~*~tactically~*~*~ (stealth).
 11573 | Lair:5   | Reached skill level 20 in Unarmed Combat
 11608 | Lair:5   | Reached skill level 3 in Armour
 11733 | Lair:5   | HP: 32/131 [tyrant leech (24)]
 11735 | Lair:5   | 11735 ||| Stepping ~*~*~tactically~*~*~ (outnumbered).
 11738 | Lair:5   | HP: 21/131 [bullfrog (3)]
 11742 | Lair:5   | HP: 10/131 [boulder beetle (13)]
 11750 | Lair:5   | HP: 21/131 [boulder beetle (3)]
 11752 | Lair:5   | HP: 4/131 [boulder beetle (19)]
 12200 | Lair:5   | 12200 ||| Stepping ~*~*~tactically~*~*~ (outnumbered).
 12209 | Lair:5   | 12209 ||| FLEEEEING.
 12210 | Lair:5   | 12210 ||| FLEEEEING.
 12211 | Lair:5   | 12211 ||| FLEEEEING.
 12212 | Lair:5   | 12212 ||| FLEEEEING.
 12213 | Lair:5   | 12213 ||| FLEEEEING.
 12214 | Lair:5   | 12214 ||| FLEEEEING.
 12215 | Lair:5   | 12215 ||| FLEEEEING.
 12216 | Lair:5   | 12216 ||| FLEEEEING.
 12217 | Lair:5   | 12217 ||| FLEEEEING.
 12218 | Lair:5   | 12218 ||| STAIRDANCE
 12227 | Lair:4   | 12227 ||| READING 2 scrolls labelled PUD HEBBUORYS.
 12228 | Lair:4   | 12228 ||| DROPPING scroll of fear.
 12231 | Lair:5   | 12231 ||| STAIRDANCE
 12252 | Lair:5   | 12252 ||| STAIRDANCE
 12254 | Lair:4   | 12254 ||| Stepping ~*~*~tactically~*~*~ (outnumbered).
 12255 | Lair:4   | 12255 ||| Stepping ~*~*~tactically~*~*~ (outnumbered).
 12263 | Lair:5   | 12263 ||| STAIRDANCE
 12270 | Lair:5   | 12270 ||| STAIRDANCE
 12275 | Lair:4   | Reached XP level 14. HP: 132/140 MP: 14/14
 12288 | Lair:5   | 12288 ||| STAIRDANCE
 12293 | Lair:4   | Reached skill level 21 in Unarmed Combat
 12295 | Lair:5   | 12295 ||| STAIRDANCE
 12351 | Lair:5   | Found a viscous altar of Jiyva.
 12352 | Lair:5   | Found a staircase to the Slime Pits.
 12353 | Lair:5   | 12353 ||| Stepping ~*~*~tactically~*~*~ (stealth).
 12354 | Lair:5   | 12354 ||| Stepping ~*~*~tactically~*~*~ (stealth).
 12576 | Lair:5   | 12576 ||| Stepping ~*~*~tactically~*~*~ (stealth).
 12577 | Lair:5   | 12577 ||| Stepping ~*~*~tactically~*~*~ (stealth).
 12580 | Lair:5   | 12580 ||| Stepping ~*~*~tactically~*~*~ (stealth).
 12581 | Lair:5   | 12581 ||| Stepping ~*~*~tactically~*~*~ (stealth).
 12582 | Lair:5   | 12582 ||| Stepping ~*~*~tactically~*~*~ (stealth).
 12747 | Lair:5   | 12747 ||| Stepping ~*~*~tactically~*~*~ (stealth).
 12748 | Lair:5   | 12748 ||| Stepping ~*~*~tactically~*~*~ (stealth).
 12923 | Lair:5   | 12923 ||| PLANNING D:1-11
 12923 | Lair:5   | 12923 ||| UPGRADING to ring of poison resistance.
 12925 | Lair:5   | 12925 ||| UPGRADING to +4 ring of protection.
 13065 | D:8      | 13065 ||| Stepping randomly (stuck).
 13066 | D:8      | 13066 ||| PLANNING CONVERSION TO OKAWARU
 13117 | D:8      | Fell from the grace of Ignis
 13117 | D:8      | Became a worshipper of Warmaster Okawaru
 13118 | D:8      | 13118 ||| PLANNING D:1-11
 13307 | D:9      | Noticed Amaemon
 13308 | D:9      | 13308 ||| Stepping ~*~*~tactically~*~*~ (hiding).
 13315 | D:9      | 13315 ||| Stepping ~*~*~tactically~*~*~ (hiding).
 13323 | D:9      | Killed Amaemon
 13342 | D:9      | You fall into a shaft and drop 3 floors!
 13397 | D:12     | 13397 ||| Stepping ~*~*~tactically~*~*~ (outnumbered).
 13398 | D:12     | 13398 ||| Stepping ~*~*~tactically~*~*~ (outnumbered).
 13399 | D:12     | 13399 ||| Stepping ~*~*~tactically~*~*~ (outnumbered).
 13400 | D:12     | 13400 ||| Stepping ~*~*~tactically~*~*~ (outnumbered).
 13401 | D:12     | 13401 ||| Stepping ~*~*~tactically~*~*~ (outnumbered).
 13402 | D:12     | 13402 ||| Stepping ~*~*~tactically~*~*~ (outnumbered).
 13403 | D:12     | 13403 ||| Stepping ~*~*~tactically~*~*~ (outnumbered).
 13404 | D:12     | 13404 ||| Stepping ~*~*~tactically~*~*~ (outnumbered).
 13405 | D:12     | 13405 ||| Stepping ~*~*~tactically~*~*~ (outnumbered).
 13406 | D:12     | 13406 ||| Stepping ~*~*~tactically~*~*~ (outnumbered).
 13407 | D:12     | 13407 ||| Stepping ~*~*~tactically~*~*~ (outnumbered).
 13408 | D:12     | 13408 ||| Stepping ~*~*~tactically~*~*~ (outnumbered).
 13441 | D:12     | Reached * piety under Okawaru
 13448 | D:12     | Noticed Nessos
 13454 | D:12     | 13454 ||| INVOKING Heroism.
 13455 | D:12     | 13455 ||| INVOKING Heroism.
 13457 | D:12     | HP: 34/143 [Nessos/arrow (9)]
 13458 | D:12     | HP: 16/143 [Nessos/arrow (2)]
 13460 | D:12     | Killed Nessos
 13463 | D:12     | HP: 11/143 [poisoned by Nessos]
 13468 | D:12     | HP: 15/143 [poisoned by Nessos]
 13791 | D:9      | Found a basalt altar of Yredelemnul.
 14039 | D:10     | 14039 ||| INVOKING Heroism.
 14040 | D:10     | 14040 ||| Stepping ~*~*~tactically~*~*~ (hiding).
 14177 | D:10     | You fall into a shaft and drop 3 floors!
 14188 | D:13     | Reached skill level 1 in Invocations
 14202 | D:13     | Found a gate to the Vaults.
 14202 | D:13     | Noticed an ironbound preserver
 14203 | D:13     | 14203 ||| INVOKING Heroism.
 14211 | D:13     | Killed an ironbound preserver
 14238 | D:13     | Found Sulof's Magic Scroll Boutique.
 14252 | D:13     | 14252 ||| BUYING scroll of identify (22 gold).
 14252 | D:13     | Bought a scroll of identify for 22 gold pieces
 14252 | D:13     | 14252 ||| BUYING scroll of identify (22 gold).
 14252 | D:13     | Bought a scroll of identify for 22 gold pieces
 14252 | D:13     | 14252 ||| BUYING scroll of teleportation (33 gold).
 14252 | D:13     | Bought a scroll of teleportation for 33 gold pieces
 14252 | D:13     | 14252 ||| BUYING scroll of teleportation (33 gold).
 14252 | D:13     | Bought a scroll of teleportation for 33 gold pieces
 14281 | D:13     | You fall into a shaft and drop 1 floor!
 14284 | D:14     | 14284 ||| DROPPING amulet of magic regeneration.
 14343 | D:13     | 14343 ||| Stepping ~*~*~tactically~*~*~ (hiding).
 14412 | D:12     | 14412 ||| INVOKING Heroism.
 14431 | D:12     | Noticed Gastronok
 14438 | D:12     | 14438 ||| INVOKING Heroism.
 14441 | D:12     | Killed Gastronok
 14441 | D:12     | Reached ** piety under Okawaru
 14442 | D:12     | Reached skill level 3 in Invocations
 14910 | D:10     | Found a staircase to the Orcish Mines.
 15112 | D:11     | 15112 ||| Stepping ~*~*~tactically~*~*~ (hiding).
 15255 | D:11     | 15255 ||| Stepping ~*~*~tactically~*~*~ (outnumbered).
 15256 | D:11     | 15256 ||| Stepping ~*~*~tactically~*~*~ (outnumbered).
 15530 | D:10     | 15530 ||| READING 2 scrolls of teleportation.
 15531 | D:10     | 15531 ||| PLANNING D
 15656 | D:12     | 15656 ||| Stepping ~*~*~tactically~*~*~ (stealth).
 15658 | D:12     | 15658 ||| INVOKING Heroism.
 16005 | D:12     | 16005 ||| UPGRADING to +2 hat of stealth.
 16103 | D:13     | 16103 ||| Stepping ~*~*~tactically~*~*~ (hiding).
 16180 | D:13     | 16180 ||| READING scroll of enchant armour.
 16180 | D:13     | 16180 ||| ENCHANTING +0 cloak.
 16242 | D:13     | 16242 ||| Stepping ~*~*~tactically~*~*~ (hiding).
 16344 | D:13     | 16344 ||| Stepping ~*~*~tactically~*~*~ (hiding).
 16451 | D:13     | 16451 ||| INVOKING Heroism.
 16651 | D:13     | Reached *** piety under Okawaru
 16820 | D:13     | 16820 ||| Stepping ~*~*~tactically~*~*~ (stealth).
 16821 | D:13     | 16821 ||| Stepping ~*~*~tactically~*~*~ (stealth).
 16824 | D:13     | 16824 ||| Stepping ~*~*~tactically~*~*~ (stealth).
 16826 | D:13     | 16826 ||| Stepping ~*~*~tactically~*~*~ (stealth).
 16998 | D:13     | 16998 ||| DROPPING ring of flight.
 17113 | D:12     | 17113 ||| READING scroll of teleportation.
 17118 | D:12     | 17118 ||| Stepping randomly (stuck).
 17119 | D:12     | 17119 ||| PLANNING D:1-11
 17125 | D:11     | 17125 ||| Stepping randomly (stuck).
 17126 | D:11     | 17126 ||| PLANNING D
 17144 | D:13     | 17144 ||| INVOKING Heroism.
 17176 | D:13     | 17176 ||| Stepping ~*~*~tactically~*~*~ (stealth).
 17178 | D:13     | 17178 ||| Stepping ~*~*~tactically~*~*~ (stealth).
 17207 | D:13     | 17207 ||| UPGRADING to +2 cloak.
 17217 | D:13     | 17217 ||| DROPPING +1 cloak.
 17381 | D:14     | 17381 ||| Stepping ~*~*~tactically~*~*~ (stealth).
 17382 | D:14     | 17382 ||| Stepping ~*~*~tactically~*~*~ (stealth).
 17551 | D:14     | Identified the +1 scale mail of Submission {rF+ Will+}
 17610 | D:14     | 17610 ||| Stepping ~*~*~tactically~*~*~ (hiding).
 17651 | D:14     | Reached skill level 6 in Throwing
 18095 | D:14     | 18095 ||| INVOKING Heroism.
 18097 | D:14     | Received a gift from Okawaru
 18226 | D:14     | You fall into a shaft and drop 1 floor!
 18226 | D:15     | Entered Level 15 of the Dungeon
 18226 | D:15     | Found Ycvah's Magic Scroll Shoppe.
 18233 | D:15     | 18233 ||| BUYING scroll of identify (26 gold).
 18233 | D:15     | Bought a scroll of identify for 26 gold pieces
 18281 | D:15     | 18281 ||| Stepping ~*~*~tactically~*~*~ (hiding).
 18297 | D:15     | 18297 ||| UPGRADING to +0 tower shield.
 18302 | D:15     | 18302 ||| DROPPING ring of ice.
 18303 | D:15     | 18303 ||| DROPPING +6 ring of intelligence.
 18304 | D:15     | 18304 ||| READING 11 scrolls of identify.
 18304 | D:15     | 18304 ||| IDENTIFYING orange potion
 18305 | D:15     | 18305 ||| DROPPING potion of flight.
 18306 | D:15     | Found a basalt altar of Yredelemnul.
 18342 | D:14     | 18342 ||| INVOKING Heroism.
 18349 | D:14     | Reached skill level 1 in Shields
 18389 | D:14     | You fall into a shaft and drop 1 floor!
 18416 | D:15     | Received a gift from Okawaru
 18417 | D:15     | 18417 ||| INVOKING Heroism.
 18432 | D:15     | Reached **** piety under Okawaru
 18435 | D:15     | Reached XP level 15. HP: 116/149 MP: 17/17
 18439 | D:15     | 18439 ||| INVOKING Heroism.
 18441 | D:15     | Received a gift from Okawaru
 18443 | D:15     | 18443 ||| Stepping ~*~*~tactically~*~*~ (outnumbered).
 18443 | D:15     | HP: 25/145 [necromancer/bolt of negative energy (17)]
 18447 | D:15     | Reached skill level 3 in Shields
 18450 | D:15     | HP: 19/147 [skeletal warrior/+0 halberd of freezing (17)]
 18450 | D:15     | Mangled by a skeletal warrior

Levels and vault maps discovered:
D:1:      mushboom_english_gardens, layout_basic
D:2:      wad_woods_tower, layout_basic, basic_ecumenical_altar
D:3:      layout_loops_ring, chequers_temple_overflow_statue_of_worship,
          grunt_temple_overflow_diamond
D:4:      layout_loops_cross, kennysheep_nondescript
D:5:      layout_loops_corners, temple_doors_e, st_stairs_8
D:6:      layout_loops_corners, kennysheep_little_box, st_stairs_7, minivault_26
D:7:      layout_basic, mainiacjoe_overflow_alcove_2, enter_bailey_5
D:8:      layout_gridville, okawaru_altar_gauntlet_db, st_stairs_5, uniq_maurice
D:9:      nicolae_BIG_FREAKIN_CUBE, layout_loops_cross,
          mainiacjoe_overflow_tiny_flanked, uniq_amaemon, uniq_erolcha,
          uniq_grum, uniq_joseph
D:10:     layout_loops_ring, minmay_lair_entry_grove, orc_0_dummy, serial_shops,
          nicolae_take_the_stairs, eino_jars
D:11:     layout_basic, minivault_1
D:12:     layout_long_grid, minmay_misc_feat_rugged, minivault_14,
          uniq_gastronok, uniq_nessos
D:13:     layout_basic, skrybe_vaults_entry_preservation, serial_shops, shop
D:14:     layout_loops_corners, hangedman_decor_points
D:15:     gammafunk_depths_entry_grave, layout_loops_ring, serial_shops,
          nicolae_lakefront_shop, nicolae_square_shop, lemuel_crystal_altar
Lair:1:   layout_loops_ring, grunt_megastairs_2, infiniplex_staircase_pool_2
Lair:2:   layout_chaotic_city, chequers_serial_rivers_room_b
Lair:3:   layout_chaotic_city, minmay_shoals_entry_lonely_mermaid,
          guppyfry_snake_entry_island, grunt_forest_large_clearings,
          infiniplex_staircase_pool
Lair:4:   layout_regular_city, serial_bayou_pond_e, lemuel_fruit_fields
Lair:5:   minmay_lair_end_frog_pond, layout_cave_pods,
          nicolae_slime_entry_slimehenge

Skill      XL: |  1  2  3  4  5  6  7  8  9 10 11 12 13 14 15 |
---------------+----------------------------------------------+-----
Unarmed Combat | 4 5 6 7 9 11 13 15 17 19 20 21 | 21.5
Throwing       | 1 2 3 7 |  7.0
Fighting       | 3 4 5 6 7 8 9 10 | 10.0
Dodging        | 1 2 |  2.5
Armour         | 1 2 3 |  3.3
Invocations    | 4 |  4.3
Shields        | 2 3 |  3.0
Spellcasting   | |  1.0
Fire Magic     | |  2.1

Action                   |  1- 3 |  4- 6 |  7- 9 | 10-12 | 13-15 || total
-------------------------+-------+-------+-------+-------+-------++-------
Melee: Unarmed           |   124 |   102 |   217 |   483 |   643 ||  1569
       Punch             |     1 |     2 |    11 |    48 |    62 ||   124
Throw: Boomerang         |    25 |     7 |    28 |    86 |   169 ||   315
       Large rock        |       |    20 |       |       |    17 ||    37
       Javelin           |       |       |    13 |     2 |     4 ||    19
Invok: Fiery Armour      |     2 |     1 |     3 |     6 |       ||    12
       Heroism           |       |       |       |       |    12 ||    12
  Use: Scroll            |     2 |     9 |     6 |     5 |     9 ||    31
       Potion            |       |     2 |     4 |       |     1 ||     7
Armor: Robe              |    42 |    23 |    92 |    83 |       ||   240
       Skin              |       |       |     1 |       |       ||     1
       Troll leather arm |       |       |       |    68 |   293 ||   361
Dodge: Dodged            |    56 |    26 |    66 |   105 |   219 ||   472
Block: Other             |       |    17 |    35 |    72 |   132 ||   256
       Reflection        |       |       |       |     1 |    10 ||    11
       Tower shield      |       |       |       |       |    31 ||    31

Table legend:
 A = Non-vault XP
 B = Vault XP
 C = Vault XP percentage of total XP
 D = Non-vault monster count
 E = Vault monster count
 F = Vault count percentage of total count
                 A         B        C        D         E       F
            +---------+---------+-------+---------+---------+-------
      Total |   73024 |   31667 |  30.2 |     371 |     144 |  28.0
            +---------+---------+-------+---------+---------+-------
        D:1 |      40 |       0 |   0.0 |      28 |       0 |   0.0
        D:2 |      48 |      36 |  42.9 |       9 |       6 |  40.0
        D:3 |      20 |       0 |   0.0 |      13 |       0 |   0.0
        D:4 |     278 |       0 |   0.0 |      23 |       0 |   0.0
        D:5 |     557 |     155 |  21.8 |      19 |       2 |   9.5
        D:6 |    1047 |       3 |   0.3 |      12 |       1 |   7.7
        D:7 |    2388 |       7 |   0.3 |      21 |       4 |  16.0
        D:8 |    3278 |     812 |  19.9 |      25 |      10 |  28.6
        D:9 |    5187 |    3066 |  37.2 |      33 |       8 |  19.5
       D:10 |    1790 |    2276 |  56.0 |      11 |      18 |  62.1
       D:11 |    4761 |       0 |   0.0 |      12 |       0 |   0.0
       D:12 |    4996 |    2570 |  34.0 |      19 |       2 |   9.5
       D:13 |    4312 |    5883 |  57.7 |      14 |       9 |  39.1
       D:14 |    6752 |       0 |   0.0 |      14 |       0 |   0.0
       D:15 |    5713 |       0 |   0.0 |      10 |       0 |   0.0
     Lair:1 |    4750 |    2439 |  33.9 |      20 |      12 |  37.5
     Lair:2 |    4152 |       0 |   0.0 |      15 |       0 |   0.0
     Lair:3 |    8729 |    4699 |  35.0 |      32 |      35 |  52.2
     Lair:4 |    4728 |      83 |   1.7 |      10 |       2 |  16.7
     Lair:5 |    9498 |    9638 |  50.4 |      31 |      35 |  53.0
            +---------+---------+-------+---------+---------+-------
